 Dungeon Crawl Stone Soup version 0.29.1-12-g30fa7ad0bf (webtiles) character file.

Game seed: 9685124179774737571

4 xian the Stinger (level 1, -1/14 HPs)
             Began as a Draconian Venom Mage on Jan 18, 2023.
             Frozen to death by an endoplasm (5 damage)
             ... on level 1 of the Dungeon.
             The game lasted 00:00:24 (179 turns).

xian the Stinger (Draconian Venom Mage)              Turns: 179, Time: 00:00:25

Health: -1/14      AC:  4    Str: 10    XL:     1   Next: 58%
Magic:  0/3        EV: 12    Int: 15    God:
Gold:   0          SH:  0    Dex: 11    Spells: 3/4 levels left

rFire   . . .      SeeInvis .   d - +0 dagger
rCold   . . .      Faith    .   (no shield)
rNeg    . . .      Spirit   .   (body armour unavailable)
rPois   .          Reflect  .   (helmet restricted)
rElec   .          Harm     .   (no cloak)
rCorr   .          Rampage  .   (no gloves)
Will    .....                   (no boots)
Stlth   ++........              (no amulet)
HPRegen 0.04/turn               (no ring)
MPRegen 0.08/turn               (no ring)

@: slowed, very slow
A: AC +4, unfitting armour, cold-blooded
a: no special abilities


You were on level 1 of the Dungeon.
You visited 1 branch of the dungeon, and saw 1 of its levels.

Inventory:

Hand Weapons
 d - a +0 dagger (weapon)
Scrolls
 b - a scroll of poison {unknown}
 c - a scroll of teleportation {unknown}
Potions
 a - a potion of magic


   Skills:
 + Level 1.7 Dodging
 + Level 1.8 Stealth
 + Level 2.1 Spellcasting
 + Level 1.0 Transmutations
 + Level 3.1 Poison Magic


You had 3 spell levels left.
You knew the following spells:

 Your Spells              Type           Power      Damage    Failure   Level
a - Sting                 Tmut/Pois      28%        1d4       10%         1

Your spell library contained the following spells:

 Spells                   Type           Power      Damage    Failure   Level
 Poisonous Vapours        Pois/Air       12%        N/A       17%         2
 Mephitic Cloud           Conj/Pois/Air  4%         N/A       38%         3
 Olgreb's Toxic Radiance  Pois           11%        N/A       52%         4


Dungeon Overview and Level Annotations

Branches:
Dungeon (1/15)

Altars:


Innate Abilities, Weirdness & Mutations

Your plain brown scales are hard. (AC +4)
You cannot fit into any form of body armour.
You are cold-blooded and may be slowed by cold attacks.


Message History

HP restored.
b - a scroll labelled RUMEOSEOCE
c - a scroll labelled JUWKAA DEIKH An endoplasm comes into view.
A bat comes into view.
Found a yellow potion.
The endoplasm quivers.
The sting hits the bat.
The bat is poisoned.
The bat is heavily wounded.
The bat hits you but does no damage.
The sting misses the bat.
The bat hits you but does no damage.
You barely miss the bat.
The bat is severely wounded.
You kill the bat!
The endoplasm freezes you.
You are frozen.
You feel yourself slow down.
You see here a +0 dagger.
d - a +0 dagger The endoplasm hits you but does no damage.
The endoplasm freezes you.
You are frozen.
You feel as though you will be slow longer.
The sting hits the endoplasm.
The endoplasm partially resists.
The endoplasm is lightly wounded.
The endoplasm freezes you.
You are frozen.
You feel as though you will be slow longer.
d - a +0 dagger (weapon)
The endoplasm freezes you.
You are frozen.
* * * LOW HITPOINT WARNING * * *
You feel as though you will be slow longer.
You hit the endoplasm but do no damage.
The endoplasm is lightly wounded.
The endoplasm hits you but does no damage.
You hit the endoplasm.
The endoplasm is moderately wounded.
The endoplasm freezes you.
You are frozen.
You die...

#...#.....#
#...'..<..#.###.###
##.##.....#.#.....##..
##.###'####.!......#..
#...##................
#...##................
##.########...........
##.##.....#.........#
+...'.....#...@.....#
#...#.....#....J....#
#...#######.......$.#
##.#................#
#......[...........#
###................#
#....†..........##
#..............##
............#####.#


You could see an endoplasm.

Vanquished Creatures
  A ball python (D:1)
  A bat (D:1)
  An endoplasm (D:1)
  A frilled lizard (D:1)
4 creatures vanquished.

Notes
Turn   | Place    | Note
-------+----------+-------------------------------------------
     0 | D:1      | xian the Draconian Venom Mage began the quest for the Orb.
     0 | D:1      | Reached XP level 1. HP: 14/14 MP: 3/3
   179 | D:1      | Frozen to death by an endoplasm

Illustrated notes

Levels and vault maps discovered:
D:1:      dpeg_arrival_houses_and_road, layout_rooms,
          ebering_ecumenical_altar_webs, nicolae_eternal_life

Action                   || total
-------------------------++-------
Melee: Unarmed           ||     7
       Dagger            ||     2
 Cast: Sting             ||     7
Armor: Skin              ||     4
Dodge: Dodged            ||     6
